AoeStats
← EL GORDO VALOR

Arena

510428385Analyzed
2v2 RM · 2d ago on Oct 1, 2026· 16m 13s· 4 players
Game mode
Random Map
Map size
Medium (4 player)
Population
200
Speed
Normal
Resources
Standard
Victory
Conquest
Starting age
Dark Age
Ending age
Imperial Age
RankedLock teamsTeams togetherTeam positionsShared explorationLock speedFull tech treeHidden civsTurbo modeCheats
Victory
Defeat
🇮🇳 Teutons · India
2091
+1
🇺🇸 Turks · United States
1742
+1
🇦🇷 Malay · Argentina
1374
-1
🇦🇷 Magyars · Argentina
1368
-1
Llambitos Hope
10:12 Feudal Age
11:06 Loom
17:48 Castle Age
15:48 Fletching
EL GORDO VALOR
11:46 Feudal Age
12:47 Town Watch
16:05 Castle Age
15:30 Scale Barding Armor
OS+ | Marco Masini
11:14 Feudal Age
11:51 Feudal Age
15:27 Castle Age
13:09 Horse Collar
13:54 Double-Bit Axe
16:21 Bow Saw
DS_Dragonstar
4:52 Loom
8:20 Feudal Age
9:03 Double-Bit Axe
13:38 Fletching
Connection lost

Rejoining the realm…

Still unreachable

The connection could not be restored.

Session expired

The server has moved on; the page needs a fresh start.